 Dungeon Crawl Stone Soup version 0.31-a0-965-g8a8ce12e04 (webtiles) character file.

Game seed: 16971291626599490282

642 mattiecakes the Trooper (level 7, 0/44 HPs)
             Began as a Gargoyle Fighter on Oct 27, 2023.
             Slain by a gnoll
             ... wielding a +0 spear
             ... led by a gnoll bouda
              (6 damage)
             ... on level 4 of the Dungeon.
             The game lasted 00:11:34 (3457 turns).

mattiecakes the Trooper (Gargoyle Fighter)          Turns: 3457, Time: 00:11:35

Health: 0/44       AC: 18    Str: 24      XL:     7   Next: 51%
Magic:  7/7        EV:  8    Int:  9      God:
Gold:   189        SH:  4    Dex: 10 (11) Spells: 6/6 levels left

rFire   . . .        t - +6 hammer of the Conjuring King {heavy, rC+ Str+3 Dex+2}
rCold   + . .        c - +0 buckler
rNeg    + . .        h - +0 chain mail
rPois   ∞            (no helmet)
rElec   +            f - +0 cloak
rCorr   .            m - +2 pair of gloves
SInv    .            (no boots)
Will    .....        n - amulet of magic regeneration Stlth
                     (no ring)
HPRegen 0.27/turn    (no ring)
MPRegen 0.50/turn

%: no passive effects
@: about to teleport
A: sickness immunity, AC +4, negative energy resistance 1, electricity
resistance, torment resistance 1, petrification resistance
a: no special abilities


You were on level 4 of the Dungeon.
You visited 1 branch of the dungeon, and saw 4 of its levels.

You collected 189 gold pieces.

Inventory:

Hand Weapons
 a - a +0 hammer
 k - a +3 war axe
 t - the +6 hammer of the Conjuring King (weapon) {heavy, rC+ Str+3 Dex+2}
   (You found it on level 3 of the Dungeon)

   Str+3:     It affects your strength (+3).
   Dex+2:     It affects your dexterity (+2).
   rC+:       It protects you from cold.
Armour
 c - a +0 buckler (worn)
 f - a +0 cloak (worn)
 h - a +0 chain mail (worn)
 m - a +2 pair of gloves (worn)
 q - a +2 helmet
Jewellery
 n - an amulet of magic regeneration (around neck)
 r - a ring of protection from fire
 y - a ring of fire
Wands
 i - a wand of flame (14)
Scrolls
 d - a scroll of poison {unknown}
 e - 4 scrolls of teleportation
 j - 4 scrolls of identify
 o - a scroll of fear {unknown}
 u - a scroll of enchant weapon
 v - a scroll of silence {unknown}
Potions
 b - a potion of invisibility
 g - 2 potions of heal wounds {unknown}
 l - a potion of magic {unknown}
 p - 2 potions of enlightenment {unknown}
 s - a potion of lignification {unknown}
 w - a potion of curing {unknown}
 x - 2 potions of brilliance {unknown}


   Skills:
 - Level 5.4 Fighting
 - Level 5.1(5.7) Axes
 + Level 4.0(5.4) Maces & Flails
 - Level 3.2 Armour
 - Level 3.2 Shields


You had 6 spell levels left.
You didn't know any spells.
Your spell library contained the following spells:

 Spells                   Type           Power      Damage    Failure   Level
 Lesser Beckoning         Tloc           0%         N/A       99%         2
 Gell's Gravitas          Tloc           0%         N/A       100%        3
 Ozocubu's Armour         Ice            0%         N/A       100%        3
 Teleport Other           Tloc           0%         N/A       100%        3
 Dispel Undead            Necr           0%         3d6       100%        4
 Death Channel            Necr           0%         N/A       100%        6
 Ozocubu's Refrigeration  Ice            0%         4d7       100%        7
 Cigotuvi's Dreadful Rot  Necr/Pois/Air  Unusable   N/A       N/A         2

Dungeon Overview and Level Annotations

Branches:
Dungeon (4/15)
 Temple: D:4-7

Altars:
Xom
Yredelemnul


Innate Abilities, Weirdness & Mutations

You are immune to sickness and miasma.
Your stone body is resilient. (AC +4)
You are immune to poison.
You resist negative energy. (rN+)
You are resistant to electric shocks. (rElec)
You are resistant to unholy torment.
You are immune to petrification.


Message History

The white imp hits you. The white imp freezes you. You resist.
You block the gnoll's attack.
You hit the gnoll.
You kill the gnoll!
The gnoll is no longer moving quickly.
The gnoll hits you with a +0 spear.
The gnoll hits you but does no damage. x2
The white imp shouts, "Accept thy doom, thou fawning weeb-spouting reprobate!"
The white imp gestures at you.
The puff of frost hits you but does no damage.
The gnoll completely misses you. You block the gnoll's attack.
The gnoll hits you with a +2 flail of draining!
* * * LOW HITPOINT WARNING * * *
The gnoll hits you but does no damage.
Your base Maces & Flails skill increases to level 4!
You are too injured to fight recklessly!
Unknown command.
You are too injured to fight recklessly!
The white imp closely misses you.
The gnoll hits you from afar with a +0 spear.
* * * LOW HITPOINT WARNING * * *
The gnoll barely misses you. The gnoll attacks as it pursues you!
The gnoll hits you with a +2 flail of draining.
* * * LOW HITPOINT WARNING * * *
The gnoll closely misses you.
Things that are here:
a +0 club; a +0 leather armour The white imp hits you but does no damage.
You stop removing your amulet.
The gnoll hits you but does no damage. The gnoll closely misses you. x2
Okay, then.
You don't know any spells.
Okay, then.
Unknown command.
You don't know any spells.
As you read the scroll of teleportation, it crumbles to dust.
You feel strangely unstable.
The gnoll is no longer moving quickly. x2
The white imp hits you but does no damage.
The gnoll misses you. The gnoll barely misses you.
The gnoll hits you from afar with a +0 spear.
You die...

.... .......##
...... .......
...).. ......
#....#### 5...# ###
#..###..## 55..#
..####.##......##gg#
...........##...)5.#
..........# #..@.g#
..........####..g..#
...........##...†.†#
.......##......##..#
........###..###..##
..........####...##
...P♣...........##
.)♣.♣.........###
.P..P.......### ####


You could see 4 gnolls, a white imp and a shadow imp.

Vanquished Creatures
  Sigmund (D:3)
  2 quasits (D:4)
  Crazy Yiuf (D:3)
  An orc priest (D:4)
  2 gnoll boudas
  Jessica (D:3)
  Terence (D:2)
  4 gnolls
  7 adders
  A shadow imp (D:4)
  A white imp (D:4)
  4 ufetubi (D:4)
  A worm (D:2)
  3 dart slugs (D:1)
  4 orcs
  6 bats
  4 endoplasms
  7 giant cockroaches
  6 goblins
  7 hobgoblins
  7 jackals
  3 quokkas (D:2)
  6 ball pythons
  4 frilled lizards
  9 kobolds
  7 rats
100 creatures vanquished.

Notes
Turn   | Place    | Note
-------+----------+-------------------------------------------
     0 | D:1      | mattiecakes the Gargoyle Fighter began the quest for the
                  | Orb.
     0 | D:1      | Reached XP level 1. HP: 14/14 MP: 1/1
   208 | D:1      | Reached XP level 2. HP: 20/20 MP: 2/2
   730 | D:1      | Reached XP level 3. HP: 24/24 MP: 3/3
  1171 | D:2      | Noticed Terence
  1188 | D:2      | Killed Terence
  1189 | D:2      | Reached skill level 5 in Fighting
  1189 | D:2      | Reached XP level 4. HP: 25/31 MP: 4/4
  1534 | D:2      | Reached skill level 1 in Axes
  1752 | D:3      | Noticed Jessica
  1764 | D:3      | Killed Jessica
  1765 | D:3      | Reached XP level 5. HP: 30/35 MP: 5/5
  2033 | D:3      | Noticed Sigmund
  2045 | D:3      | Killed Sigmund
  2046 | D:3      | Reached XP level 6. HP: 31/40 MP: 6/6
  2269 | D:3      | Found a runed translucent door.
  2270 | D:3      | Noticed Crazy Yiuf
  2458 | D:3      | Reached skill level 5 in Axes
  2575 | D:3      | Killed Crazy Yiuf
  2576 | D:3      | Reached XP level 7. HP: 44/44 MP: 7/7
  2582 | D:3      | Identified the +6 hammer of the Conjuring King {heavy, rC+
                  | Str+3 Dex+2}
  2583 | D:3      | Identified the +1 hammer "Wonk" {flame, +Blink rPois}
  3062 | D:4      | Found a shimmering altar of Xom.
  3070 | D:4      | Found a basalt altar of Yredelemnul.
  3457 | D:4      | Slain by a gnoll

Illustrated notes

Levels and vault maps discovered:
D:1:      dpeg_arrival_court, layout_loops_corners
D:2:      layout_rooms, minmay_tromino_v7, uniq_terence
D:3:      layout_loops_ring, dreamdust_princess_corridor, grunt_ministairs_8,
          minmay_strange_pillars, uniq_jessica, uniq_crazy_yiuf_cottage,
          uniq_sigmund
D:4:      layout_cave_pods, mainiacjoe_overflow_big_doors, serial_demonic,
          serial_demonic_b, serial_demonic_a, serial_demonic_c,
          serial_demonic_a, minmay_misc_feat_doors, minmay_misc_feat_iff

Skill      XL: |  1  2  3  4  5  6  7 |
---------------+----------------------+-----
Fighting       | 4 5 |  5.4
Axes           | 2 4 5 |  5.1
Maces & Flails | 4 |  4.0
Armour         | |  3.2
Shields        | |  3.2

Action                     |  1- 3 |  4- 6 |  7- 9 || total
---------------------------+-------+-------+-------++-------
  Melee: Flail             |    95 |    22 |       ||   117
         War axe           |       |   127 |       ||   127
         Mace              |       |       |    66 ||    66
    Use: Scroll            |       |     5 |     1 ||     6
 Armour: Scale mail        |    17 |       |       ||    17
         Chain mail        |    60 |   129 |   172 ||   361
  Dodge: Dodged            |    36 |    58 |    78 ||   172
  Block: Buckler           |    14 |    35 |    40 ||    89

Table legend: (Time is in decaauts)
 A = Elapsed time spent in this place.
 B = Non-inter-level travel time spent in this place.
 C = Inter-level travel time spent in this place.
 D = Time resting spent in this place.
 E = Time spent auto-exploring this place.
 F = Levels seen in this place.
 G = Mean time per level.
                   A        B        C        D        E       F      G
               +--------+--------+--------+--------+--------+-----+--------+
         Total |   3597 |   3420 |    177 |      0 |   2626 |   4 |  899.2 |
       Dungeon |   3597 |   3420 |    177 |      0 |   2626 |   4 |  899.2 |
               +--------+--------+--------+--------+--------+-----+--------+

Top non-repeatable levels by time:
     D:1: 1181 daAuts
     D:3: 937 daAuts
     D:4: 850 daAuts
     D:2: 628 daAuts
